[Event "ICCopen2017"]
[Site "Internet Chess Club"]
[Date "2017.03.26"]
[Round "9"]
[White "arsam"]
[Black "TerryR"]
[Result "0-1"]
[ICCResult "White forfeits on time"]
[WhiteElo "2657"]
[BlackElo "2305"]
[Opening "French: Tarrasch"]
[ECO "C03"]
[NIC "FR.14"]
[Time "20:41:36"]
[TimeControl "180+0"]

1. e4 e6 2. d4 d5 3. Nd2 Be7 4. Ngf3 Nf6 5. e5 Nfd7 6. Bd3 c5 7. c3 Nc6 8.
O-O g5 9. dxc5 g4 10. Nd4 Ncxe5 11. Bb5 a6 12. Bxd7+ Bxd7 13. f4 gxf3 14.
N2xf3 Ng6 15. b4 e5 16. Nb3 Be6 17. Qe2 Qc7 18. Ng5 Qd7 19. Nxe6 Qxe6 20.
Bd2 O-O 21. Rae1 f5 22. Bh6 Rf7 23. Nd4 Qd7 24. Nf3 Bf6 25. Ng5 Re7 26. Rd1
Rd8 27. Qh5 Nf4 28. Qf3 Qe8 29. Nh3 Nxh3+ 30. Qxh3 f4 31. Kh1 Qg6 32. g3
Qe4+ 33. Qg2 Qxg2+ 34. Kxg2 Kf7 35. gxf4 e4 36. f5 Bxc3 37. a3 Bf6 38. Bf4
Be5 39. Bxe5 Rxe5 40. Rd4 Kf6 41. a4 Rxf5 42. Rfd1 Ke5 43. b5 axb5 44. axb5
Rf6 45. Kg3 Rg6+ 46. Kf2 Rf6+ 47. Ke2 Rh6 48. c6 bxc6 49. bxc6 Rxc6 50. Rb4
Rc2+ 51. Ke3 Rf8 {White forfeits on time} 0-1

[Event "ICCopen2017"]
[Site "Internet Chess Club"]
[Date "2017.03.26"]
[Round "9"]
[White "ural"]
[Black "Dare-Dare"]
[Result "1-0"]
[ICCResult "Black checkmated"]
[WhiteElo "2345"]
[BlackElo "1972"]
[Opening "French: Chigorin variation"]
[ECO "C00"]
[NIC "FR.01"]
[Time "20:43:24"]
[TimeControl "180+0"]

1. e4 e6 2. Qe2 c5 3. b3 Nc6 4. Bb2 b6 5. Nc3 Bb7 6. O-O-O Nge7 7. f4 d5 8.
exd5 Nxd5 9. f5 e5 10. Nf3 f6 11. d4 cxd4 12. Nxd4 Nxd4 13. Rxd4 Bc5 14.
Qb5+ Kf8 15. Nxd5 Bxd4 16. Ba3+ Bc5 17. Bxc5+ bxc5 18. Qxc5+ Ke8 19. Bb5+
Kf7 20. Bc4 Rc8 21. Nc7+ Bd5 22. Bxd5+ Qxd5 23. Qxd5+ Ke7 24. Qe6+ Kd8 25.
Rd1+ Kxc7 26. Rd7+ Kb8 27. Qd6+ Ka8 28. Qd5+ Rc6 29. Qxc6+ Kb8 30. Qb7#
{Black checkmated}
1-0

[Event "ICCopen2017"]
[Site "Internet Chess Club"]
[Date "2017.03.26"]
[Round "9"]
[White "Cubitas"]
[Black "GreyWarden"]
[Result "1-0"]
[ICCResult "Black resigns"]
[WhiteElo "2435"]
[BlackElo "1992"]
[Opening "Benko's opening"]
[ECO "A00"]
[NIC "VO.09"]
[Time "20:42:42"]
[TimeControl "180+0"]

1. g3 g6 2. Bg2 Bg7 3. e4 d6 4. d4 e5 5. Ne2 Nc6 6. Be3 Nf6 7. h3 O-O 8.
Nbc3 Qe7 9. O-O Bd7 10. Kh2 Rfe8 11. d5 Nd8 12. Qd2 Rf8 13. f4 Nh5 14. f5 b6
15. g4 gxf5 16. exf5 Nf4 17. Nxf4 exf4 18. Bxf4 Nb7 19. Rae1 Qf6 20. Ne4
Qxb2 21. f6 Bxf6 22. Nxf6+ Qxf6 23. Bh6 Qh4 24. Bg5 Qxe1 25. Rxe1 f6 26. Re7
Nc5 27. Be3 Rf7 28. Rxf7 Kxf7 29. Bxc5 bxc5 30. Qh6 Rh8 31. Be4 Ba4 32. Bf5
Re8 33. Qxh7+ Kf8 34. Be6 {Black resigns} 1-0

[Event "ICCopen2017"]
[Site "Internet Chess Club"]
[Date "2017.03.26"]
[Round "9"]
[White "chesscomet"]
[Black "MAU"]
[Result "0-1"]
[ICCResult "White forfeits on time"]
[WhiteElo "1450"]
[BlackElo "1665"]
[Opening "French: exchange variation"]
[ECO "C01"]
[NIC "FR.01"]
[Time "20:41:26"]
[TimeControl "180+0"]

1. e4 e6 2. d4 d5 3. exd5 exd5 4. Nf3 Nf6 5. Bd3 Bd6 6. O-O O-O 7. Re1 Bg4
8. h3 Bh5 9. Nc3 c6 10. Bg5 Nbd7 11. Be2 Qc7 12. Qd2 Bb4 13. a3 Bxc3 14.
Qxc3 Ne4 15. Qe3 Rfe8 16. Bf4 Qb6 17. Ne5 Nxe5 18. Bxe5 Bxe2 19. Rxe2 f6 20.
Bf4 Qxb2 21. Rae1 f5 22. Qd3 Qb5 23. Qxb5 cxb5 24. f3 Nf6 25. Be5 Nd7 26.
Rb1 a6 27. Rbe1 Kf7 28. g4 fxg4 29. hxg4 Nxe5 30. dxe5 Ke6 31. f4 g6 32. Rh2
Re7 33. Rd2 Rc8 34. Red1 Rc5 35. Kf2 Rf7 36. Ke3 g5 37. f5+ Kxe5 38. Kd3 Kd6
39. Re2 Rf6 40. Rde1 Rc4 41. c3 Rxg4 42. Re6+ Rxe6 43. Rxe6+ Kd7 44. Rh6 Rf4
45. Rxh7+ Kd6 46. Rh6+ Kc5 47. f6 Rf3+ 48. Ke2 Rf5 49. Rg6 g4 50. Ke3 Kc4
51. Kd2 g3 52. Ke1 g2 53. Rxg2 Rxf6 54. Rg4+ Kxc3 55. Rg3+ Kc4 56. Rg4+ d4
57. Rg3 d3 {White forfeits on time} 0-1

[Event "ICCopen2017"]
[Site "Internet Chess Club"]
[Date "2017.03.26"]
[Round "9"]
[White "YHWH"]
[Black "WobblySquares"]
[Result "1-0"]
[ICCResult "Black checkmated"]
[WhiteElo "1539"]
[BlackElo "1686"]
[Opening "King's Indian defense, 3.Nc3"]
[ECO "E61"]
[NIC "KI.80"]
[Time "20:42:13"]
[TimeControl "180+0"]

1. d4 Nf6 2. c4 g6 3. Nc3 d6 4. Bg5 Nbd7 5. Qd2 Bg7 6. e4 e5 7. d5 a6 8. a4
Qe7 9. Bd3 O-O 10. Nge2 Nc5 11. Bc2 Ncd7 12. O-O Re8 13. Rae1 Nf8 14. f4 Qd8
15. fxe5 dxe5 16. Qe3 h5 17. Qf3 N8h7 18. Bh4 Bg4 19. Qe3 Qd7 20. Nc1 Qc8
21. Nd3 Bd7 22. Qf2 Rf8 23. Nxe5 Nxe4 24. Rxe4 Bf5 25. Ree1 f6 26. Nd3 Re8
27. Rxe8+ Qxe8 28. Re1 Qf7 29. Ne4 Bd7 30. Nec5 Bc8 31. Ne6 g5 32. Bg3 h4
33. Bxc7 Bxe6 34. Rxe6 Qxc7 35. b3 Rf8 36. Qe3 Qf7 37. Nc5 Qh5 38. Nd7 Rd8
39. Re7 Bh6 40. Qe6+ Kh8 41. Nxf6 Nxf6 42. Qxf6+ Kg8 43. Qe6+ Kh8 44. Rh7#
{Black checkmated}
1-0

[Event "ICCopen2017"]
[Site "Internet Chess Club"]
[Date "2017.03.26"]
[Round "9"]
[White "manusupergm2001"]
[Black "BronStorm"]
[Result "1-0"]
[ICCResult "Black forfeits on time"]
[WhiteElo "2129"]
[BlackElo "1886"]
[Opening "Sicilian defense"]
[ECO "B40"]
[NIC "FR.01"]
[Time "20:42:28"]
[TimeControl "180+0"]

1. e4 e6 2. Nf3 c5 3. Nc3 Nc6 4. Bb5 Nge7 5. O-O a6 6. Bxc6 Nxc6 7. e5 Qc7
8. Re1 d6 9. exd6 Bxd6 10. Ne4 Be7 11. d3 h6 12. Be3 b6 13. Qd2 Bb7 14. Bf4
Qd7 15. Rad1 Rd8 16. Qc3 O-O 17. Qd2 f5 18. Ng3 Bf6 19. Nh5 Bxb2 20. c3 Ba3
21. Bxh6 Rf7 22. Bg5 c4 23. Bxd8 Qxd8 24. Ng5 e5 25. Nxf7 Kxf7 26. dxc4 Qe7
27. Qd5+ Kg6 28. Nf4+ Kh7 29. Ne6 g6 30. Qd7 Kh6 31. Qxe7 Bxe7 32. c5 bxc5
33. Rb1 Bc8 34. Nc7 f4 35. Nd5 Bd8 36. Rbd1 Bg4 37. f3 Bf5 38. Nxf4 Bh4 39.
g3 Bf6 40. Nd5 Bg7 41. Ne3 Be6 42. Ng4+ Bxg4 43. fxg4 Na5 44. Rd5
{Black forfeits on time}
1-0

[Event "ICCopen2017"]
[Site "Internet Chess Club"]
[Date "2017.03.26"]
[Round "9"]
[White "yozhik"]
[Black "SPARNALIQ"]
[Result "0-1"]
[ICCResult "White forfeits on time"]
[WhiteElo "2689"]
[BlackElo "3070"]
[Opening "King's Indian: orthodox, Aronin-Taimanov variation (Yugoslav attack / Mar del Plata variation)"]
[ECO "E97"]
[NIC "KI.08"]
[Time "20:41:38"]
[TimeControl "180+0"]

1. Nf3 Nf6 2. c4 d6 3. d4 g6 4. Nc3 Bg7 5. e4 O-O 6. Be2 Nc6 7. O-O e5 8.
Be3 Ng4 9. Bg5 f6 10. Bc1 Nh6 11. dxe5 fxe5 12. Be3 Ng4 13. Bg5 Qd7 14. h3
Nf6 15. Qd2 Nh5 16. Nd5 Rf7 17. Rad1 Qe8 18. b4 Be6 19. b5 Nd8 20. Bxd8 Rxd8
21. Ng5 Bh6 22. Bxh5 gxh5 23. h4 c6 24. bxc6 bxc6 25. Ne3 Rf4 26. c5 Bxg5
27. hxg5 d5 28. exd5 cxd5 29. f3 Qg6 30. Rfe1 Qxg5 31. Nc4 Rf5 32. Qxg5+
Rxg5 33. Rxe5 Rxe5 34. Nxe5 Kg7 35. c6 Kf6 36. f4 Rc8 37. Rb1 Kf5 38. g3 h4
39. Kf2 hxg3+ 40. Kxg3 d4 41. Rb5 Ke4 42. Rb4 Rg8+ 43. Kf2 Kxf4 44. Nd3+ Kf5
45. Rxd4 Rc8 46. Rd6 Bc4 47. Nb4 a5 48. Nc2 Ke5 49. Rh6 Bd3 50. Ne3 Bg6 51.
Ng4+ Kf4 52. Ne3 Rxc6 53. Rh4+ Kg5 54. Ra4 Rc5 55. Kf3 Bh5+ 56. Kf2 Be8 57.
Rg4+ Kf6 58. Rc4 Rxc4 59. Nxc4 a4 60. Nd6 Ke6 61. Nxe8 Ke7 62. Ng7 Kd7 63.
Nh5 Ke6 64. Kg3 Kf5 65. Ng7+ Kf6 66. Nh5+ Kg5 67. Nf4 Kf5 68. Nd5 a3 69. Nb6
Ke5 70. Nc4+ Kf5 71. Nxa3 Kg5 72. Nc4 Kf5 73. Ne3+ Kg6 {White forfeits on
time} 0-1

[Event "ICCopen2017"]
[Site "Internet Chess Club"]
[Date "2017.03.26"]
[Round "9"]
[White "vishweshk"]
[Black "trianon"]
[Result "1-0"]
[ICCResult "Black forfeits on time"]
[WhiteElo "1852"]
[BlackElo "2196"]
[Opening "Queen's pawn game"]
[ECO "A45"]
[NIC "QP.07"]
[Time "20:42:34"]
[TimeControl "180+0"]

1. d4 Nf6 2. e3 e6 3. Bd3 c5 4. Nf3 b6 5. c3 Bb7 6. Nbd2 Be7 7. e4 cxd4 8.
cxd4 d5 9. e5 Ne4 10. Qe2 Nxd2 11. Bxd2 Nc6 12. a3 O-O 13. h4 h6 14. Rc1 Qd7
15. Bb1 f5 16. exf6 Bxf6 17. Qd3 Rae8 18. Qh7+ Kf7 19. Bg6+ Ke7 20. Bxe8
Kxe8 21. Ne5 Nxe5 22. dxe5 Bxe5 23. Bb4 Bd6 24. O-O Bxb4 25. axb4 Qf7 26.
Qd3 Qd7 27. Qg3 Qd8 28. Rfe1 Rf6 29. Rc7 Bc8 30. Qxg7 Bd7 31. Qg8+ Ke7 32.
Qg7+ {Black forfeits on time} 1-0

[Event "ICCopen2017"]
[Site "Internet Chess Club"]
[Date "2017.03.26"]
[Round "9"]
[White "alejandrorios"]
[Black "tonychess2014"]
[Result "1-0"]
[ICCResult "Black resigns"]
[WhiteElo "1933"]
[BlackElo "1782"]
[Opening "Pirc: classical (two knights) system"]
[ECO "B08"]
[NIC "PU.10"]
[Time "20:42:10"]
[TimeControl "180+0"]

1. e4 d6 2. d4 Nf6 3. Nc3 g6 4. Nf3 Bg7 5. Bf4 c5 6. dxc5 Qa5 7. Qd2 Qxc5 8.
O-O-O Nc6 9. h3 O-O 10. Kb1 Be6 11. Bd3 Rac8 12. a3 Qb6 13. Be3 Qd8 14. Bh6
Qb6 15. Bxg7 Kxg7 16. Rhe1 Ne5 17. Nxe5 dxe5 18. Nd5 Bxd5 19. exd5 Nxd5 20.
Ka1 f6 21. Bxg6 hxg6 22. Qxd5 Rfd8 23. Qb3 Rxd1+ 24. Rxd1 Qxf2 25. Qxb7 Qxc2
26. Qxe7+ Kh6 27. Rb1 Qxg2 28. Qxf6 Qg5 29. Qe6 Rf8 30. Re1 Rf5 31. Qe8 Qf6
32. Kb1 Rf1 33. Rxf1 Qxf1+ 34. Ka2 Qxh3 35. Qh8+ Kg5 36. Qxh3 e4 37. Qe3+
Kf5 38. Qxa7 g5 39. Qf2+ Ke5 40. a4 g4 41. a5 g3 42. Qxg3+ Kd4 43. a6 e3 44.
a7 e2 45. Qf2+ {Black resigns} 1-0

[Event "ICCopen2017"]
[Site "Internet Chess Club"]
[Date "2017.03.26"]
[Round "9"]
[White "ComeonJimtal"]
[Black "Kjaan1974"]
[Result "1-0"]
[ICCResult "Black forfeits on time"]
[WhiteElo "1749"]
[BlackElo "1471"]
[Opening "Danish gambit"]
[ECO "C21"]
[NIC "KP.04"]
[Time "20:42:31"]
[TimeControl "180+0"]

1. e4 e5 2. d4 exd4 3. c3 c5 4. cxd4 cxd4 5. Nf3 d6 6. Nxd4 Nc6 7. Nc3 Bd7
8. Bc4 h6 9. O-O Nf6 10. Qb3 Nxd4 11. Bxf7+ Ke7 12. Qc4 Ne6 13. Bg6 Qb6 14.
Nd5+ Nxd5 15. exd5 Qd4 16. Qb3 Nc5 17. Re1+ Kd8 18. Qg3 Be7 19. Bf4 Qf6 20.
b4 Na6 21. a3 Rc8 22. Rad1 Rc3 23. f3 Bf5 24. Bxf5 Qxf5 25. Bxd6 Bg5 26. Re5
Qf6 27. Be7+ Qxe7 28. Rxe7 Bxe7 29. Qxg7 Re8 30. Qxc3 Bd6 31. Qf6+ Kc7 32.
Rc1+ Kd7 33. Qf5+ {Black forfeits on time} 1-0

[Event "ICCopen2017"]
[Site "Internet Chess Club"]
[Date "2017.03.26"]
[Round "9"]
[White "wagnerbi"]
[Black "Zipa5"]
[Result "1-0"]
[ICCResult "Black forfeits on time"]
[WhiteElo "1852"]
[BlackElo "1353"]
[Opening "Sicilian defense"]
[ECO "B41"]
[NIC "SI.41"]
[Time "20:41:58"]
[TimeControl "180+0"]

1. e4 e6 2. d4 c5 3. Nf3 cxd4 4. Nxd4 Qb6 5. Nb3 Nc6 6. Be3 Qc7 7. Nc3 Nf6
8. Be2 Bb4 9. O-O Bxc3 10. bxc3 Nxe4 11. Bd3 Nxc3 12. Qg4 Qe5 13. Rae1 h5
14. Qf3 Qf6 15. Qg3 h4 16. Qd6 Nd5 17. Bc5 b6 18. Ba3 Qe7 19. Qxd5 Qxa3 20.
Qf3 Qe7 21. Be4 Bb7 22. c3 h3 23. g3 Ne5 24. Qf4 Bxe4 25. Qxe4 Nc6 26. Nd4
Rc8 27. Nb5 O-O 28. Qg4 Qc5 29. Nd4 Qxc3 30. Nf3 f5 31. Qh5 Nd4 32. Ng5
{Black forfeits on time}
1-0

[Event "ICCopen2017"]
[Site "Internet Chess Club"]
[Date "2017.03.26"]
[Round "9"]
[White "km1515"]
[Black "Lzmann"]
[Result "1-0"]
[ICCResult "Black forfeits on time"]
[WhiteElo "2103"]
[BlackElo "1575"]
[Opening "Richter-Veresov attack"]
[ECO "D01"]
[NIC "QP.07"]
[Time "20:41:52"]
[TimeControl "180+0"]

1. d4 Nf6 2. Nc3 d5 3. Bg5 Nbd7 4. f3 g6 5. e4 dxe4 6. fxe4 c6 7. Qd2 Bg7 8.
Nf3 Nb6 9. O-O-O Bg4 10. Kb1 Bxf3 11. gxf3 Qc7 12. h4 O-O-O 13. Bh3+ e6 14.
e5 Nfd5 15. Bxd8 Rxd8 16. Ne4 Nc4 17. Qd3 b5 18. Nc5 Qa5 19. a3 Bf8 20. Nb3
Qb6 21. h5 a5 22. hxg6 hxg6 23. Bf1 a4 24. Nd2 Na5 25. Ne4 b4 26. Qa6+ Qxa6
27. Bxa6+ Kb8 28. axb4 Nxb4 29. Be2 Kc7 30. Rh7 Rd7 31. Ng5 a3 32. bxa3 Nd5
33. Kb2 Kc8 34. Rxf7 Be7 35. Rh1 Rb7+ 36. Kc1 Kd7 37. Rhh7 c5 38. dxc5 Kc6
39. Ne4 Rc7 40. c4 Nf4 41. Rxf4 Nb3+ 42. Kd1 Rd7+ 43. Ke1 Nd4 44. Rff7 Nc2+
45. Kf2 {Black forfeits on time} 1-0

[Event "ICCopen2017"]
[Site "Internet Chess Club"]
[Date "2017.03.26"]
[Round "9"]
[White "kaimann"]
[Black "fiveknights"]
[Result "1-0"]
[ICCResult "Black forfeits on time"]
[WhiteElo "1931"]
[BlackElo "1714"]
[Opening "Sicilian: Nimzovich-Rossolimo attack (with ...g6, without ...d6)"]
[ECO "B31"]
[NIC "SI.31"]
[Time "20:42:16"]
[TimeControl "180+0"]

1. e4 c5 2. Nf3 Nc6 3. Bb5 g6 4. O-O Bg7 5. Re1 d6 6. c3 a6 7. Bf1 Nf6 8. h3
O-O 9. d4 cxd4 10. cxd4 Bd7 11. Nc3 Rc8 12. Be3 e5 13. d5 Nd4 14. Nxd4 exd4
15. Bxd4 b5 16. a3 Rc4 17. Bxc4 bxc4 18. Qe2 Re8 19. Qxc4 Bh6 20. Rad1 Nh5
21. e5 dxe5 22. Bxe5 Qg5 23. Kh2 Qf5 24. Bg3 Nxg3 25. fxg3 Rxe1 26. Rxe1 Qf2
27. Re2 Qf6 28. Ne4 Qd8 29. Qxa6 Bg7 30. Qd6 h5 31. b4 h4 32. g4 Bf8 33.
Qxd7 Qxd7 34. Nf6+ Kg7 35. Nxd7 {Black forfeits on time} 1-0

[Event "ICCopen2017"]
[Site "Internet Chess Club"]
[Date "2017.03.26"]
[Round "9"]
[White "rencoroso"]
[Black "rotyi59"]
[Result "0-1"]
[ICCResult "White forfeits on time"]
[WhiteElo "1968"]
[BlackElo "1573"]
[Opening "Robatsch (modern) defense"]
[ECO "B06"]
[NIC "KF.05"]
[Time "20:42:15"]
[TimeControl "180+0"]

1. e4 g6 2. d4 Bg7 3. Be3 d6 4. Nc3 e5 5. Qd2 Ne7 6. O-O-O O-O 7. f3 Nbc6 8.
d5 Nd4 9. Nge2 Nxe2+ 10. Bxe2 f5 11. Bh6 f4 12. Bxg7 Kxg7 13. g3 Bd7 14.
gxf4 Rxf4 15. h4 h6 16. Rdg1 Kh7 17. Rg3 Qf8 18. Rhg1 Rf6 19. Nd1 a6 20. Ne3
Bb5 21. Ng4 Rf7 22. c4 Bd7 23. Ne3 b5 24. b3 bxc4 25. bxc4 Rb8 26. Bd1 a5
27. Qg2 Rb4 28. Rxg6 Nxg6 29. Qxg6+ Kh8 30. Qh5 Kh7 31. Qg6+ Kh8 32. Qh5 Kh7
33. Qg6+ Kh8 34. Qh5 Rh7 35. Ng4 Bxg4 36. Qxg4 Rxc4+ 37. Bc2 Rg7 38. Qh5
Qf4+ 39. Kb2 Rxg1 40. Qe8+ Kg7 41. Qe7+ Qf7 42. Qd8 Rb4+ 43. Kc3 Rb6
{White forfeits on time}
0-1

[Event "ICCopen2017"]
[Site "Internet Chess Club"]
[Date "2017.03.26"]
[Round "9"]
[White "BlueGreen"]
[Black "LittleMaster"]
[Result "1-0"]
[ICCResult "Black resigns"]
[WhiteElo "2741"]
[BlackElo "2327"]
[Opening "Réti: King's Indian attack (Barcza system)"]
[ECO "A07"]
[NIC "QP.09"]
[Time "20:42:16"]
[TimeControl "180+0"]

1. Nf3 d5 2. g3 Nf6 3. Bg2 e6 4. O-O c5 5. b3 Nc6 6. c4 Be7 7. Bb2 O-O 8. e3
Bd7 9. Nc3 a6 10. Nh4 Rb8 11. cxd5 exd5 12. Nxd5 Nxd5 13. Bxd5 Bxh4 14. gxh4
Qxh4 15. Qf3 Be6 16. Qg2 Qh6 17. Bxe6 fxe6 18. Rac1 Rf5 19. f4 Rd8 20. Rf3
Rfd5 21. Rg3 g6 22. Bc3 b5 23. a3 Ne7 24. e4 Rd3 25. Rxd3 Rxd3 26. Qg4 Kf7
27. Rf1 Qh3 28. Qg5 Rxc3 29. dxc3 Qe3+ 30. Rf2 Qe1+ 31. Rf1 Qe3+ 32. Rf2
Qe1+ 33. Kg2 Qxe4+ 34. Kh3 Nf5 35. Qg2 Qb1 36. b4 c4 37. Qf3 h5 38. Rd2 Qe1
39. Re2 Qh4+ 40. Kg2 Qf6 41. Qe4 Nh4+ 42. Kf2 Nf5 43. Qb7+ Kg8 44. Qc8+ Kf7
45. Qb7+ Kg8 46. Qf3 Qh4+ 47. Kg2 Qf6 48. Qe4 Nh4+ 49. Kh3 Kf7 50. Qe5 Nf5
51. Qxf6+ Kxf6 52. Re5 Nd6 53. a4 bxa4 54. Ra5 Nb5 55. Rxa4 Nxc3 56. Rxa6
Nd5 57. Rc6 Nxf4+ 58. Kg3 Ne2+ 59. Kf2 Nd4 60. Rxc4 Nb5 61. Rc5 Nd6 62. Kf3
Ke7 63. b5 Kd7 64. b6 Nb7 65. Rc7+ Kd6 66. Rxb7 Kc6 67. Rg7 Kxb6 68. Rxg6
Kc6 69. Rxe6+ Kd5 70. Rh6 Ke5 71. Rxh5+ Kf6 72. Rh4 Kg6 73. Rg4+ {Black
resigns} 1-0

[Event "ICCopen2017"]
[Site "Internet Chess Club"]
[Date "2017.03.26"]
[Round "9"]
[White "nahuels1992"]
[Black "lsokol"]
[Result "0-1"]
[ICCResult "White forfeits on time"]
[WhiteElo "1424"]
[BlackElo "2352"]
[Opening "Sicilian: Nimzovich-Rossolimo attack (without ...d6)"]
[ECO "B30"]
[NIC "SI.31"]
[Time "20:42:00"]
[TimeControl "180+0"]

1. e4 c5 2. Nf3 Nc6 3. Bb5 e6 4. Bxc6 bxc6 5. d3 f6 6. O-O d6 7. c3 Ba6 8.
Re1 Ne7 9. d4 cxd4 10. cxd4 e5 11. Nc3 Qc7 12. b3 Ng6 13. Be3 Be7 14. Rc1
Qb7 15. Qd2 O-O 16. h4 Rfd8 17. h5 Nf8 18. d5 c5 19. Ne2 Qb5 20. Ng3 g6 21.
hxg6 hxg6 22. Bh6 Nd7 23. Nh4 Kf7 24. Be3 Qd3 25. Qxd3 Bxd3 26. Red1 Bb5 27.
Nf3 Rdc8 28. Nd2 Nb6 29. Nb1 a5 30. Nc3 Ba6 31. f3 a4 32. Kf2 axb3 33. axb3
Rcb8 34. Ra1 Nd7 35. Rh1 Kg7 36. Rhb1 Bd3 37. Rxa8 Rxa8 38. Rb2 Ra1 39. Nge2
f5 40. b4 cxb4 41. Rxb4 Ba6 42. Nb5 f4 43. Bd2 Ra2 44. Bc3 Nc5 45. Nc7 Nd3+
46. Kg1 Nxb4 47. Bxb4 Rxe2 48. Nxa6 Rc2 49. Nb8 Bh4 50. Bxd6 Bg3 51. Kf1
Rf2+ 52. Kg1 Re2 53. Bb4 Rb2 54. Kf1 Rxb4 55. Nc6 Rb2 56. Nxe5 Rf2+ 57. Ke1
Rxg2+ 58. Kd1 Rf2 59. d6 Bh4 60. d7 Ra2 61. Nc6 Ra6 62. Ne5 Rd6+
{White forfeits on time}
0-1

[Event "ICCopen2017"]
[Site "Internet Chess Club"]
[Date "2017.03.26"]
[Round "9"]
[White "blackjack721"]
[Black "GYMEJR"]
[Result "0-1"]
[ICCResult "White forfeits on time"]
[WhiteElo "1251"]
[BlackElo "1527"]
[Opening "Sicilian defense"]
[ECO "B20"]
[NIC "SI.48"]
[Time "20:41:45"]
[TimeControl "180+0"]

1. e4 c5 2. Bc4 Nc6 3. c3 e6 4. Nf3 a6 5. a3 d5 6. exd5 exd5 7. Bb3 Nf6 8.
Bc2 Be7 9. d4 c4 10. Bg5 Ne4 11. Bxe7 Qxe7 12. O-O f5 13. Nbd2 O-O 14. Nxe4
fxe4 15. Ne5 Nxe5 16. dxe5 Qxe5 17. Re1 Qg5 18. Re3 Bg4 19. Qe1 Rad8 20. Rg3
Qf4 21. h3 Bh5 22. b3 b5 23. a4 Rf6 24. axb5 axb5 25. bxc4 bxc4 26. Ra7 Bg6
27. f3 Rdf8 28. fxe4 R6f7 29. Rxf7 Qxf7 30. Qd2 Qa7+ 31. Kh2 dxe4 32. Qd5+
Kh8 33. Bxe4 Bxe4 34. Qxe4 Qc7 35. Qh4 h6 36. Kg1 Qc5+ 37. Kh2 Qe5 38. Kg1
Rf4 39. Qd8+ Kh7 40. Qd7 Qe1+ 41. Kh2 Qe5 42. Rxg7+ Qxg7 43. Qd5 Qf7 44. Qd2
Kg7 45. h4 h5 46. g3 Rf2+ 47. Kh3 Rxd2 48. g4 Qf2 {White forfeits on time}
0-1

[Event "ICCopen2017"]
[Site "Internet Chess Club"]
[Date "2017.03.26"]
[Round "9"]
[White "TrendFriend"]
[Black "GrandPatzer5"]
[Result "1-0"]
[ICCResult "Black resigns"]
[WhiteElo "2410"]
[BlackElo "1936"]
[Opening "Old Benoni: Franco-Benoni defense"]
[ECO "C01"]
[NIC "FR.01"]
[Time "20:42:17"]
[TimeControl "180+0"]

1. e4 e6 2. d4 c5 3. d5 exd5 4. exd5 d6 5. Bb5+ Nd7 6. a4 a6 7. Be2 Ngf6 8.
Nf3 g6 9. Bf4 Nh5 10. Bg5 f6 11. Be3 Be7 12. O-O O-O 13. Nc3 Ng7 14. Nd2 f5
15. f4 Bf6 16. Kh1 Re8 17. Nc4 Nb6 18. Bg1 Nxc4 19. Bxc4 b6 20. Qd3 Ra7 21.
Rae1 Rae7 22. Rxe7 Qxe7 23. Bxa6 Bxa6 24. Qxa6 Bxc3 25. bxc3 Qe2 26. Qd3 c4
27. Qxe2 Rxe2 28. Rc1 Nh5 29. g3 Nf6 30. Bxb6 Nxd5 31. Bd4 Re8 32. a5 Ra8
33. Ra1 Ra6 34. Ra4 Kf7 35. Kg2 Ke6 36. Kf3 h6 37. h3 g5 38. fxg5 hxg5 39.
h4 gxh4 40. gxh4 Nc7 41. h5 d5 42. h6 Kf7 43. h7 Ra8 44. a6 Ne6 45. h8=Q
{Black resigns}
1-0

[Event "ICCopen2017"]
[Site "Internet Chess Club"]
[Date "2017.03.26"]
[Round "9"]
[White "wmanthony"]
[Black "habishek"]
[Result "1-0"]
[ICCResult "Black checkmated"]
[WhiteElo "1339"]
[BlackElo "1103"]
[Opening "Lengfellner system"]
[ECO "C01"]
[NIC "FR.01"]
[Time "20:42:42"]
[TimeControl "180+0"]

1. e4 e6 2. d4 d6 3. c4 Bd7 4. f4 g6 5. Nf3 Bg7 6. Nc3 Ne7 7. Be2 a6 8. O-O
O-O 9. Be3 Nbc6 10. Qd2 d5 11. cxd5 exd5 12. e5 Bg4 13. Ng5 Bxe2 14. Qxe2
Bh6 15. Rf3 Bxg5 16. fxg5 Nf5 17. Rh3 Nfxd4 18. Bxd4 Nxd4 19. Qg4 Nf5 20.
Rf1 Qd7 21. Nd1 d4 22. Rd3 Ne3 23. Nxe3 Qxg4 24. Nxg4 Rfe8 25. Nf6+ Kf8 26.
Nxe8 Rxe8 27. Rxd4 Rxe5 28. Rd7 Rxg5 29. Rfxf7+ Ke8 30. Rxh7 Rc5 31. Rxc7
Rxc7 32. Rxc7 b5 33. Ra7 Kd8 34. Rxa6 Kc7 35. Rxg6 b4 36. h4 Kd7 37. h5 Ke7
38. g4 Kf7 39. Rb6 b3 40. axb3 Kg7 41. b4 Kf7 42. b5 Kg7 43. Rc6 Kf7 44. b6
Ke7 45. b7 Kd7 46. Rg6 Kc7 47. b8=Q+ Kxb8 48. h6 Kc7 49. h7 Kd7 50. h8=Q Ke7
51. Qh7+ Kf8 52. Rg8# {Black checkmated} 1-0

[Event "ICCopen2017"]
[Site "Internet Chess Club"]
[Date "2017.03.26"]
[Round "9"]
[White "sanguine"]
[Black "tryto"]
[Result "1-0"]
[ICCResult "Black forfeits on time"]
[WhiteElo "1071"]
[BlackElo "1238"]
[Opening "Sicilian defense"]
[ECO "B40"]
[NIC "SI.43"]
[Time "20:42:20"]
[TimeControl "180+0"]

1. e4 c5 2. Nf3 e6 3. Bc4 Nc6 4. d3 d6 5. Nc3 Nf6 6. O-O Be7 7. Re1 O-O 8.
Ne2 a6 9. Nf4 b5 10. Bb3 Ne5 11. Nxe5 dxe5 12. Nh3 Bb7 13. Qf3 Qc7 14. Ng5
Rad8 15. Bxe6 h6 16. Bxf7+ Rxf7 17. Nxf7 Kxf7 18. Bxh6 gxh6 19. Qf5 Qd6 20.
Re3 Qe6 21. Qf3 Rg8 22. h3 Rg5 23. h4 Rg4 24. Qe2 Bc8 25. Rg3 Rxg3 26. fxg3
Qg4 27. Qe3 Qxg3 28. Qxh6 Bh3 29. Qd2 Ng4 30. Rf1+ Ke8 31. Rf3 Qh2+ 32. Kf1
Qh1+ 33. Ke2 Qxg2+ 34. Kd1 Qxf3+ 35. Qe2 Ne3+ 36. Ke1 Ng2+ 37. Kd2 Qxe2+ 38.
Kxe2 Nxh4 39. Ke3 Bg5+ 40. Ke2 Bg4+ 41. Kf2 Bh5 42. Kg3 Ng6 43. c3 Nf4 44.
b3 Ke7 45. a3 Kd6 46. c4 bxc4 47. bxc4 a5 48. a4 Bd1 49. Kh2 Bxa4 50. Kg3
Bc2 51. Kh2 a4 52. Kg3 a3 53. Kh2 a2 54. Kg3 a1=Q 55. Kg4 Qg1+ 56. Kf5
{Black forfeits on time}
1-0

[Event "ICCopen2017"]
[Site "Internet Chess Club"]
[Date "2017.03.26"]
[Round "9"]
[White "A4-H5"]
[Black "alan2015"]
[Result "0-1"]
[ICCResult "White forfeits on time"]
[WhiteElo "1709"]
[BlackElo "1595"]
[Opening "English opening"]
[ECO "A05"]
[NIC "QP.11"]
[Time "20:41:17"]
[TimeControl "180+0"]

1. Nf3 Nf6 2. c4 e6 3. Nc3 d5 4. g3 c6 5. Bg2 dxc4 6. O-O Bd6 7. Ng5 O-O 8.
Nge4 Be7 9. a4 Nd5 10. f4 f5 11. Nf2 Bf6 12. e3 Nd7 13. Qe2 Bxc3 14. bxc3 b5
15. axb5 cxb5 16. Ba3 Re8 17. e4 fxe4 18. Nxe4 Qb6+ 19. Kh1 Nf8 20. Bc5 Qc6
21. Bg1 Bb7 22. Ng5 Qd7 23. Rab1 a6 24. Rbd1 Rad8 25. Qh5 h6 26. Nf3 Nf6 27.
Qh3 Ng6 28. Bd4 Ne4 29. Qh5 Qf7 30. d3 cxd3 31. Rxd3 Bd5 32. Rdd1 Bc4 33.
Rfe1 Nf6 34. Qc5 Nd7 35. Qc7 Bd5 36. Ne5 Bxg2+ 37. Kxg2 Ndxe5 38. Bxe5 Nxe5
39. Qxe5 Rxd1 40. Rxd1 Qf6 41. Re1 Qxe5 42. Rxe5 Kf7 43. Kf3 Kf6 44. Ke4 g5
45. Ke3 g4 {White forfeits on time} 0-1